 Dungeon Sprint DCSS version 0.21.1-1-g345015f (webtiles) character file.

593 wilfster70 the Carver (level 7, -4/90 HPs)
             Began as a Demonspawn Berserker on June 21, 2018.
             Was a Priest of Trog.
             Slain by a centaur warrior (12 damage)
             ... in the Dungeon (Sprint I: "Red Sonja").
             The game lasted 00:02:16 (468 turns).

wilfster70 the Carver (Demonspawn Berserker)         Turns: 468, Time: 00:02:16

Health: -4/90      AC:  3    Str: 22    XL:     7   Next: 16%
Magic:  7/7        EV: 15    Int:  9    God:    Trog [***...]
Gold:   436        SH:  0    Dex: 14    Spells: 6/6 levels left

rFire    . . .     SeeInvis .   a - +0 falchion
rCold    . . .     Gourm    .   (no shield)
rNeg     . . .     Faith    .   k - +0 leather armour
rPois    .         Spirit   .   (no helmet)
rElec    .         Reflect  .   (no cloak)
rCorr    .         Harm     .   (no gloves)
MR       .....     NoTele   +   (no boots)
Stlth    ..........             (no amulet)
HPRegen  0.25/turn              (no ring)
MPRegen  0.10/turn              (no ring)

@: mighty, berserking, very quick
A: powered by pain 2
a: Berserk, Trog's Hand, Burn Spellbooks, Renounce Religion


You were in the Dungeon.
You worshipped Trog.
Trog was most pleased with you.
You were very hungry.

You visited 1 branch You collected 436 gold pieces.

Inventory:

Hand Weapons
 a - a +0 falchion (weapon)
Armour
 k - a +0 leather armour (worn)
Scrolls
 i - a scroll of blinking
Potions
 e - a potion of heal wounds
 f - a potion of haste
 g - 2 potions of magic
 h - a potion of berserk rage
 j - a potion of ambrosia {unknown}
 l - a potion of brilliance {unknown}
Comestibles
 b - a chunk of flesh
 c - a ration


   Skills:
 + Level 7.6 Fighting
 * Level 9.4 Long Blades
 + Level 6.5 Armour
 + Level 6.6 Dodging


You had 6 spell levels left.
You didn't know any spells.

Dungeon Overview and Level Annotations

Branches:
Dungeon (1/1)

Altars:
Cheibriados
Dithmenos
Elyvilon
Fedhas
Gozag
Hepliaklqana
Kikubaaqudgha
Makhleb
Nemelex Xobeh
Okawaru
Qazlal
Ru
Sif Muna
Trog
Uskayaw
Vehumet
Wu Jian
Xom
Yredelemnul
Zin
The Shining One
Jiyva
Lugonu

Shops:
D (


Innate Abilities, Weirdness & Mutations

You sometimes gain power by taking damage.


Message History

You slice the centaur warrior!!
The centaur warrior is severely wounded.
The centaur warrior hits you!
* * * LOW HITPOINT WARNING * * *
You slash the centaur warrior!
The centaur warrior is severely wounded.
You closely miss the centaur warrior.
The centaur warrior is severely wounded.
The centaur warrior hits you!
* * * LOW HITPOINT WARNING * * *
You hit the centaur warrior.
The centaur warrior is severely wounded.
The centaur warrior closely misses you.
You hit the centaur warrior.
The centaur warrior is almost dead.
The centaur warrior closely misses you.
You closely miss the centaur warrior.
The centaur warrior is almost dead.
The centaur warrior hits you!
You die...

######################
#<.#..)..#..'..#__#..+
#..'[.#..').#..c..'..#
#..#####'#####'#@_####
#..####..#...#.####)[#
#..#__####..##(#≈§§§
#..#_____##'#_§§≈§≈§
#⌠⌠#_.∩...'..§§#§≈§c§#
####_..__##_§#§##+####
#_____###+#§# #######
###


You could see a centaur warrior.

Vanquished Creatures
  A slime creature (D)
  A yak (D)
  Sigmund (D)
  An ogre (D)
  A jelly (D)
  Ijyb (D)
6 creatures vanquished.

Notes
Turn   | Place    | Note
-------+----------+-------------------------------------------
     0 | D        | wilfster70 the Demonspawn Berserker began the quest for the Orb.
     0 | D        | Reached XP level 1. HP: 18/18 MP: 1/1
     1 | D        | Noticed Ijyb
     9 | D        | Killed Ijyb
     9 | D        | Reached skill level 4 in Long Blades
     9 | D        | Gained mutation: You sometimes gain a little power by taking damage. [demonic ancestry]
     9 | D        | Reached XP level 2. HP: 25/25 MP: 2/2
    63 | D        | Noticed an ogre
    68 | D        | Killed an ogre
    68 | D        | Reached skill level 5 in Fighting
    68 | D        | Reached skill level 5 in Long Blades
    68 | D        | Reached XP level 3. HP: 31/33 MP: 3/3
    68 | D        | Reached XP level 4. HP: 36/39 MP: 4/4
   167 | D        | Noticed Sigmund
   173 | D        | Killed Sigmund
   173 | D        | Reached ** piety under Trog
   173 | D        | Reached skill level 7 in Long Blades
   173 | D        | Reached skill level 5 in Armour
   173 | D        | Reached skill level 5 in Dodging
   173 | D        | Gained mutation: You sometimes gain power by taking damage. [demonic ancestry]
   173 | D        | Reached XP level 5. HP: 46/46 MP: 5/5
   223 | D        | Found a deep blue altar of Sif Muna.
   224 | D        | Found an ornate altar of the Wu Jian Council.
   225 | D        | Found a radiant altar of Vehumet.
   229 | D        | Found a viscous altar of Jiyva.
   229 | D        | Found a corrupted altar of Lugonu.
   229 | D        | Noticed a slime creature
   231 | D        | Reached XP level 6. HP: 53/53 MP: 6/6
   232 | D        | Found a burning altar of Makhleb.
   232 | D        | Found a shimmering altar of Xom.
   239 | D        | Killed a slime creature
   239 | D        | Reached skill level 8 in Long Blades
   273 | D        | Found Teorphaoq's Weapon Emporium.
   273 | D        | Found an ancient bone altar of Kikubaaqudgha.
   273 | D        | Found a hazy altar of Hepliaklqana.
   273 | D        | Found a stormy altar of Qazlal.
   273 | D        | Found a hide-covered altar of Uskayaw.
   273 | D        | Found a blossoming altar of Fedhas.
   273 | D        | Found a bloodstained altar of Trog.
   273 | D        | Found an iron altar of Okawaru.
   273 | D        | Found a basalt altar of Yredelemnul.
   273 | D        | Found a glowing golden altar of the Shining One.
   273 | D        | Found a snail-covered altar of Cheibriados.
   273 | D        | Found a sacrificial altar of Ru.
   273 | D        | Found a glowing silver altar of Zin.
   273 | D        | Found a shadowy altar of Dithmenos.
   273 | D        | Found a white marble altar of Elyvilon.
   273 | D        | Noticed a yak
   283 | D        | Killed a yak
   283 | D        | Reached *** piety under Trog
   283 | D        | Reached skill level 9 in Long Blades
   283 | D        | Reached XP level 7. HP: 49/60 MP: 7/7
   284 | D        | Found an opulent altar of Gozag.
   286 | D        | Found a sparkling altar of Nemelex Xobeh.
   448 | D        | Noticed a centaur warrior
   468 | D        | Slain by a centaur warrior

Skill      XL: |  1  2  3  4  5  6 |
---------------+-------------------+-----
Long Blades    | 4 5 7 9 |  9.4
Armour         | 2 4 5 6 |  6.5
Dodging        | 2 4 5 6 |  6.6
Fighting       | 5 6 7 |  7.6

Action                   |  1- 3 |  4- 6 |  7- 9 || total
-------------------------+-------+-------+-------++-------
Melee: Falchion          |    10 |    20 |    10 ||    40
Invok: Berserk           |     2 |     3 |     1 ||     6
  Use: Scroll            |       |       |     1 ||     1
       Potion            |       |       |     1 ||     1
  Eat: Chunk             |       |       |     3 ||     3
Armor: Leather armour    |       |     2 |     1 ||     3
Dodge: Dodged            |     1 |     4 |     3 ||     8
       Rpst.: Falchion   |     1 |     1 |     1 ||     3
